 Dungeon Crawl Stone Soup version 0.29-a0-520-gc852659d43 (webtiles) character file.

Game seed: 9433757131613541383

2366 bande the Chopper (level 9, -4/55 HPs)
             Began as a Gargoyle Fighter on May 31, 2022.
             Was a Believer of Okawaru.
             Slain by Duvessa
             ... wielding a +0 rapier
              (12 damage)
             ... on level 7 of the Dungeon.
             The game lasted 00:10:02 (7276 turns).

bande the Chopper (Gargoyle Fighter)                Turns: 7276, Time: 00:10:02

Health: -4/55      AC: 21    Str: 20    XL:     9   Next: 44%
Magic:  0/12       EV:  6    Int:  9    God:    Okawaru [**....]
Gold:   292        SH:  5    Dex: 13    Spells: 8/8 levels left

rFire   + . .      SeeInvis .   a - +1 war axe (vorpal)
rCold   . . .      Faith    .   c - +0 buckler
rNeg    + . .      Spirit   +   q - +0 plate armour
rPois   ∞          Reflect  .   (no helmet)
rElec   +          Harm     .   w - +1 cloak
rCorr   .          Rampage  .   (no gloves)
Will    +....                   (no boots)
Stlth   ..........              i - amulet of guardian spirit
HPRegen 0.18/turn               t - ring of willpower
MPRegen 0.13/turn               g - ring of protection from fire

@: no status effects
A: sickness immunity, AC +6, negative energy resistance 1, electricity
resistance, torment resistance 1, petrification resistance
a: Renounce Religion, Heroism


You were on level 7 of the Dungeon.
You worshipped Okawaru.
Okawaru was pleased with you.
You visited 2 branches of the dungeon, and saw 8 of its levels.

You collected 292 gold pieces.

Inventory:

Hand Weapons
 a - a +1 vorpal war axe (weapon)
 k - the +5 flail "Uworph" {freeze, rF+++ rN+ Int-3}
   (You found it on level 5 of the Dungeon)

   It freezes those it strikes, dealing additional cold damage.
   It can also slow down cold-blooded creatures.
   Int:       It affects your intelligence (-3).
   rF:        It renders you almost immune to fire.
   rN:        It protects you from negative energy.
 n - a +4 flail
Armour
 c - a +0 buckler (worn)
 q - a +0 plate armour (worn)
 w - a +1 cloak (worn)
Jewellery
 e - a ring of resist corrosion
 g - a ring of protection from fire (right hand)
 i - an amulet of guardian spirit (around neck)
 t - a ring of willpower (left hand)
 u - an amulet of the acrobat
 v - a +6 ring of strength
Wands
 b - a wand of flame (21)
Scrolls
 f - a scroll of teleportation
 l - 2 scrolls of fear
 o - 2 scrolls of magic mapping
 y - a scroll of enchant weapon
Potions
 d - a potion of might
 h - a potion of brilliance
 j - a potion of flight
 m - a potion of resistance
 p - a potion of haste
 s - 2 potions of heal wounds {unknown}
 x - a potion of mutation {unknown}
 z - a potion of lignification {unknown}


   Skills:
 + Level 6.0 Fighting
 + Level 7.5 Axes
 + Level 6.8 Armour
 + Level 4.4 Shields
 * Level 4.4 Invocations
 * Level 2.8 Evocations


You had 8 spell levels left.
You didn't know any spells.
Your spell library contained the following spells:

 Spells                   Type           Power      Damage    Failure   Level
 Beastly Appendage        Tmut           0%         N/A       100%        1
 Freeze                   Ice            0%         1d3       100%        1
 Wereblood                Tmut           0%         N/A       100%        2
 Frozen Ramparts          Ice            0%         1d2       100%        3
 Gell's Gravitas          Tloc           0%         N/A       100%        3
 Lesser Beckoning         Tloc           0%         N/A       100%        3
 Spider Form              Tmut/Pois      0%         N/A       100%        3
 Teleport Other           Tloc           0%         N/A       100%        3
 Hailstorm                Conj/Ice       0%         3d3       100%        4
 Dispersal                Tloc           0%         N/A       100%        6


Dungeon Overview and Level Annotations

Branches:
Dungeon (7/15)             Temple (1/1) D:4

Altars:
Ashenzari
Cheibriados
Dithmenos
Elyvilon
Fedhas
Gozag
Hepliaklqana
Kikubaaqudgha
Makhleb
Nemelex Xobeh
Okawaru
Qazlal
Sif Muna
Uskayaw
Vehumet
Wu Jian
Xom
Yredelemnul
The Shining One

Annotations:
D:3 2 transporters, sirJeffrey23's ghost, weakling DsMo
D:7 Duvessa


Innate Abilities, Weirdness & Mutations

You are immune to sickness and miasma.
Your stone body is resilient. (AC +6)
You are immune to poison.
You resist negative energy. (rN+)
You are resistant to electric shocks. (rElec)
You are resistant to unholy torment.
You are immune to petrification.


Message History

Dowan hits you but does no damage.
You closely miss Dowan.
Dowan is moderately wounded.
You hit Duvessa but do no damage. Duvessa hits you but does no damage.
Dowan casts a spell at Duvessa.
Duvessa seems to speed up.
You barely miss Dowan.
Dowan is moderately wounded.
You hit Duvessa but do no damage. Duvessa closely misses you.
Dowan closely misses you. Duvessa hits you with a +0 rapier.
Dowan hits you but does no damage.
You slash Dowan!
You kill Dowan!
Okawaru accepts your kill.
Duvessa screams, "No!
How DARE you!"
Duvessa goes berserk!
You barely miss Duvessa. Duvessa hits you but does no damage.
Duvessa hits you with a +0 rapier!
You slash Duvessa!
Duvessa is heavily wounded.
Duvessa completely misses you. Duvessa hits you with a +0 rapier!
You hit Duvessa but do no damage.
Duvessa is heavily wounded.
Duvessa hits you but does no damage.
Unknown command.
You hit Duvessa.
Duvessa is severely wounded.
Duvessa hits you but does no damage. Duvessa barely misses you.
Unknown command.
You hit Duvessa.
Duvessa is severely wounded.
Duvessa hits you with a +0 rapier!!
* * * LOW HITPOINT WARNING * * *
Duvessa hits you but does no damage.
You hit Duvessa.
Duvessa is almost dead.
Duvessa hits you with a +0 rapier!
* * * LOW HITPOINT WARNING * * *
You feel better. Duvessa hits you but does no damage.
Duvessa hits you with a +0 rapier!
You die...

#>......... #...))###..
###### #.....###..
###....# #.....).'..
......# #....####..
#....# #....# #.. #....#
###########. #..)e#
##.## ##.###. ####...@#
#...# #...##.
........####...###...##.
..##......#..#..#..#..#.
###.##.#.###.#.###.#. #.
#...# #...# #... #.
#..## ##.## ##.. #. ##.#
#.# #.# #. ### ### ###
#.


You could see Duvessa (berserk, fast).

Vanquished Creatures
  Grinder (D:3)
  A water moccasin (D:5)
  2 black bears
  An ogre (D:4)
  2 centaurs
  A phantom (D:4)
  6 scorpions
  3 wights (D:6)
  Dowan (D:7)
  4 killer bees
  2 howler monkeys
  A jelly (D:5)
  2 hounds
  Crazy Yiuf (D:5)
  4 orc priests
  8 orc wizards
  Natasha (thrice) (D:3)
  2 iguanas (D:6)
  4 adders
  A shadow imp (D:6)
  A white imp (D:5)
  2 ufetubi
  2 worms
  5 dart slugs
  37 orcs
  6 ball pythons
  9 endoplasms
  2 giant cockroaches
  4 hobgoblins (D:1)
  2 quokkas
  8 bats
  4 frilled lizards
  4 goblins
  11 kobolds
  8 rats
155 creatures vanquished.

Vanquished Creatures (others)
  A plant (D:2)
1 creature vanquished.

Grand Total: 156 creatures vanquished

Notes
Turn   | Place    | Note
-------+----------+-------------------------------------------
     0 | D:1      | bande the Gargoyle Fighter began the quest for the Orb.
     0 | D:1      | Reached XP level 1. HP: 14/14 MP: 1/1
   144 | D:1      | Reached XP level 2. HP: 19/19 MP: 2/2
   481 | D:1      | Reached skill level 2 in Axes
   537 | D:1      | Reached XP level 3. HP: 23/24 MP: 3/3
  1590 | D:2      | Found a faded altar of an unknown god.
  1603 | D:2      | Reached XP level 4. HP: 25/29 MP: 4/4
  1907 | D:2      | Reached skill level 3 in Axes
  1998 | D:2      | Reached XP level 5. HP: 5/33 MP: 1/5
  2503 | D:3      | Noticed Natasha
  2512 | D:3      | Killed Natasha
  2513 | D:3      | Reached XP level 6. HP: 20/38 MP: 2/6
  2854 | D:3      | Found a transporter.
  2854 | D:3      | Noticed sirJeffrey23's ghost (weakling DsMo)
  2858 | D:3      | Found a transporter.
  2879 | D:3      | Noticed Grinder
  2882 | D:3      | Noticed Natasha
  2883 | D:3      | Paralysed by Grinder for 5 turns
  3227 | D:3      | Killed Natasha
  3228 | D:3      | Reached skill level 4 in Axes
  3228 | D:3      | Killed Grinder
  3229 | D:3      | Reached skill level 5 in Armour
  3229 | D:3      | Reached XP level 7. HP: 32/44 MP: 5/7
  3515 | D:3      | Noticed Natasha
  3524 | D:3      | Killed Natasha
  3579 | D:4      | Found a staircase to the Ecumenical Temple.
  3590 | Temple   | Entered the Ecumenical Temple
  3648 | Temple   | Became a worshipper of Warmaster Okawaru
  3671 | D:4      | Reached skill level 5 in Axes
  3966 | D:4      | Reached skill level 1 in Invocations
  4442 | D:4      | Found a radiant altar of Vehumet.
  4615 | D:5      | Entered Level 5 of the Dungeon
  4625 | D:5      | Identified the +5 flail "Uworph" {freeze, rF+++ rN+ Int-3}
  4693 | D:4      | Reached * piety under Okawaru
  4694 | D:4      | Reached skill level 5 in Fighting
  4694 | D:4      | Reached XP level 8. HP: 37/49 MP: 7/9
  4889 | D:5      | Reached skill level 6 in Axes
  4934 | D:5      | Reached skill level 1 in Evocations
  5475 | D:5      | Reached ** piety under Okawaru
  5582 | D:5      | Found a runed translucent door.
  5583 | D:5      | Noticed Crazy Yiuf
  5799 | D:5      | Killed Crazy Yiuf
  6072 | D:6      | Reached XP level 9. HP: 41/55 MP: 7/11
  6331 | D:6      | Reached skill level 7 in Axes
  7262 | D:7      | Noticed Duvessa
  7262 | D:7      | Noticed Dowan
  7270 | D:7      | Killed Dowan
  7275 | D:7      | HP: 2/55 [Duvessa/+0 rapier (11)]
  7276 | D:7      | Slain by Duvessa

Illustrated notes

Levels and vault maps discovered:
D:1:      doesnt_arrival_eight_statues, layout_loops_ring, st_stairs_13
D:2:      minmay_inner_zag, layout_basic, hellmonk_ecumenical_altar_lost_god,
          serial_bayou_ford_a, hangedman_feature_mirror
D:3:      layout_basic, gammafunk_ghost_mausoleum, grunt_decor_junction,
          due_unseen_surprise, uniq_grinder, uniq_natasha
D:4:      layout_rooms, nicolae_vehumet_altar_sigil,
          minmay_temple_entry_crystal_x
D:5:      layout_cave_pools, uniq_crazy_yiuf_cottage
D:6:      layout_rooms, hangedman_decor_opposing
D:7:      layout_basic, serial_curves, eino_curves_03, eino_curves_03,
          eino_curves_03, kennysheep_generic_room_4, uniq_duvessa
Temple:   compressed_dpeg_circular_temple

Skill      XL: |  1  2  3  4  5  6  7  8  9 |
---------------+----------------------------+-----
Axes           | 2 3 4 5 6 7 |  7.5
Fighting       | 4 5 6 |  6.0
Armour         | 4 5 6 |  6.8
Shields        | 4 |  4.4
Invocations    | 2 3 4 |  4.4
Evocations     | 2 |  2.8

Action                   |  1- 3 |  4- 6 |  7- 9 || total
-------------------------+-------+-------+-------++-------
Melee: War axe           |    92 |   103 |   274 ||   469
  Use: Scroll            |     6 |     2 |     3 ||    11
       Potion            |       |     5 |     3 ||     8
Armor: Scale mail        |    58 |    42 |       ||   100
       Plate armour      |       |    61 |   288 ||   349
Dodge: Dodged            |    51 |    41 |    79 ||   171
Block: Buckler           |    17 |    25 |    52 ||    94

Table legend: (Time is in decaauts)
 A = Elapsed time spent in this place.
 B = Non-inter-level travel time spent in this place.
 C = Inter-level travel time spent in this place.
 D = Time resting spent in this place.
 E = Time spent auto-exploring this place.
 F = Levels seen in this place.
 G = Mean time per level.
                   A        B        C        D        E       F      G
               +--------+--------+--------+--------+--------+-----+--------+
         Total |   7414 |   7247 |    167 |   1794 |   4081 |   8 |  926.8 |
       Dungeon |   7064 |   6897 |    167 |   1521 |   4043 |   7 | 1009.1 |
        Temple |    350 |    350 |      0 |    273 |     38 |   1 |  350.0 |
               +--------+--------+--------+--------+--------+-----+--------+

Top non-repeatable levels by time:
     D:2: 2027 daAuts
     D:5: 1199 daAuts
     D:6: 1148 daAuts
     D:3: 912 daAuts
     D:4: 856 daAuts
     D:1: 735 daAuts
  Temple: 350 daAuts
     D:7: 184 daAuts
